 Dungeon Crawl Stone Soup version 0.21.1-1-g345015f (webtiles) character file.

11 Mirai the Sneak (level 2, 0/15 HPs)
             Began as a Kobold Enchanter on Apr 24, 2018.
             Slain by a kobold (4 damage)
             ... on level 1 of the Dungeon.
             The game lasted 00:01:16 (696 turns).

Mirai the Sneak (Kobold Enchanter)                   Turns: 696, Time: 00:01:17

Health: 0/15       AC:  2    Str:  5    XL:     2   Next: 40%
Magic:  5/5        EV: 15    Int: 16    God:
Gold:   3          SH:  0    Dex: 15    Spells: 4/5 levels left

rFire    . . .     SeeInvis .   a - +1 dagger
rCold    . . .     Gourm    .   (shield restricted)
rNeg     . . .     Faith    .   b - +0 robe
rPois    .         Spirit   .   (no helmet)
rElec    .         Reflect  .   (no cloak)
rCorr    .         Harm     .   (no gloves)
MR       .....                  (no boots)
Stlth    +++.......             (no amulet)
HPRegen  0.05/turn              (no ring)
MPRegen  0.09/turn              (no ring)

@: no status effects
A: small, carnivore
a: no special abilities


You were on level 1 of the Dungeon.
You were full.

You visited 1 branch of the dungeon, and saw 1 of its levels.

You collected 3 gold pieces.

Inventory:

Hand Weapons
 a - a +1 dagger (weapon)
Armour
 b - a +0 robe (worn)
Jewellery
 g - an uncursed ring of fire {unknown}
Scrolls
 f - a scroll of identify {unknown}
 h - a scroll of fear {unknown}
 i - a scroll of amnesia {unknown}
Potions
 e - a potion of agility {unknown}
Books
 c - a book of Maledictions

   Spells                             Type                      Level
   a - Corona                         Hexes                        1
   b - Ensorcelled Hibernation        Hexes/Ice                    2
   c - Confuse                        Hexes                        3
   d - Tukima's Dance                 Hexes                        3
   e - Dazzling Spray                 Conjuration/Hexes            3
Comestibles
 d - 2 rations


   Skills:
 + Level 1.8 Short Blades
 + Level 2.6 Dodging
 + Level 4.2 Stealth
 + Level 2.3 Spellcasting
 + Level 3.1 Hexes


You had 4 spell levels left.
You knew the following spells:

 Your Spells              Type           Power        Failure   Level  Hunger
a - Corona                Hex            ##.....      5%          1    #......


Dungeon Overview and Level Annotations

Branches:
Dungeon (1/15)

Altars:


Innate Abilities, Weirdness & Mutations

You are small and have problems with some larger weapons.
You are carnivorous and can eat meat at any time.


Message History

The goblin hits you.
You hit the goblin.
You kill the goblin!
The hobgoblin hits you with a club.
A kobold comes into view.
The kobold misses you.
You closely miss the hobgoblin. The kobold misses you.
The hobgoblin barely misses you.
You hit the hobgoblin.
The hobgoblin is heavily wounded.
The kobold hits you. The hobgoblin completely misses you.
You closely miss the hobgoblin.
The hobgoblin is heavily wounded.
The kobold hits you.
* * * LOW HITPOINT WARNING * * *
The hobgoblin hits you but does no damage.
You hit the hobgoblin.
The hobgoblin is severely wounded.
The kobold hits you.
You die...

####..#######
##...........
##.#..####.## ..
...#...## .. ###.....#
##.## .......## #.#.[#
#####.## .#..## #.#
#.##K..#.# #.# #.#@#...#
##'## #.##g.# ##...##
#.#%.#.# ##.....##
#.##.#####.# ##.......##
#..........#
#.........####...#.######
+.........'(.......#
#.........####...#.#
##.....>.## ##.##.#


You could see a hobgoblin and a kobold.

Vanquished Creatures
  A leopard gecko (D:1)
  2 goblins (D:1)
  A hobgoblin (D:1)
  A ball python (D:1)
  3 bats (D:1)
  A frilled lizard (D:1)
  A kobold (D:1)
  A rat (D:1)
11 creatures vanquished.

Notes
Turn   | Place    | Note
-------+----------+-------------------------------------------
     0 | D:1      | Mirai the Kobold Enchanter began the quest for the Orb.
     0 | D:1      | Reached XP level 1. HP: 10/10 MP: 3/3
     2 | D:1      | Noticed a halfling
     2 | D:1      | Noticed a spriggan
     4 | D:1      | Noticed a dwarf
     6 | D:1      | Noticed a naga
     8 | D:1      | Noticed a tengu
     8 | D:1      | Noticed a centaur
    10 | D:1      | Noticed a demonspawn
    12 | D:1      | Noticed a gargoyle
    12 | D:1      | Noticed an ogre
    14 | D:1      | Noticed a vine stalker
    14 | D:1      | Noticed an octopode
    16 | D:1      | Noticed a demigod
    18 | D:1      | Noticed a draconian
    18 | D:1      | Noticed a merfolk
    20 | D:1      | Noticed a formicid
    20 | D:1      | Noticed a human
    22 | D:1      | Noticed an elf
    22 | D:1      | Noticed a minotaur
    24 | D:1      | Noticed a vampire
    24 | D:1      | Noticed a felid
    26 | D:1      | Noticed a ghoul
    26 | D:1      | Noticed a troll
    91 | D:1      | Reached XP level 2. HP: 4/15 MP: 5/5
   696 | D:1      | Slain by a kobold

Action                   || total
-------------------------++-------
Melee: Dagger            ||    60
 Stab: Sleeping          ||     2
  Eat: Chunk             ||     4
Armor: Robe              ||    11
Dodge: Dodged            ||    61
